AoeStats
← evilbanane

Arena

509925409Analyzed
1v1 RM · 4d ago on Sep 28, 2026· 47m 24s· 2 players
Game mode
Random Map
Map size
Tiny (2 player)
Population
200
Speed
Normal
Resources
Standard
Victory
Conquest
Starting age
Dark Age
Ending age
Imperial Age
RankedLock teamsTeams togetherTeam positionsShared explorationLock speedFull tech treeHidden civsTurbo modeCheats
Victory
Defeat
🇩🇪 Italians · Germany
735
+15
🇦🇷 Bohemians · Argentina
714
-15
SoloLeandro
11:39 Feudal Age
14:11 Loom
17:49 Castle Age
15:49 Double-Bit Axe
19:33 Horse Collar
20:34 Bow Saw
26:30 Imperial Age
27:03 Fletching
28:41 Two-Man Saw
29:54 Chemistry
30:53 Ballistics
30:44 Masonry
31:16 Wheelbarrow
31:10 Horse Collar
33:39 Bodkin Arrow
33:47 Padded Archer Armor
35:50 Elite Skirmisher
39:21 Hand Cart
40:21 Bracer
43:36 Conscription
43:58 Forging
evilbanane
8:08 Loom
10:51 Feudal Age
15:44 Castle Age
13:28 Horse Collar
13:37 Double-Bit Axe
14:32 Wheelbarrow
14:48 Town Watch
19:27 Fletching
21:05 Bodkin Arrow
24:12 Bow Saw
25:41 Hand Cart
31:03 Imperial Age
29:07 Padded Archer Armor
30:18 Ballistics
30:29 Gold Mining
30:30 Stone Mining
31:03 Heavy Plow
33:10 Chemistry
32:47 Forging
32:51 Pikeman
33:35 Squires
33:40 Scale Mail Armor
35:30 Conscription
37:42 Chain Mail Armor
40:19 Plate Mail Armor
44:26 Arson
Connection lost

Rejoining the realm…

Still unreachable

The connection could not be restored.

Session expired

The server has moved on; the page needs a fresh start.